 Dungeon Crawl Stone Soup version 0.32-a0-18-g89e19f1974 (webtiles) character file.

Game seed: 2551790657409230435

558 BigPumpCobain the Ruffian (level 7, -2/67 HPs)
             Began as a Troll Fighter on Jan 16, 2024.
             Slain by an orc warrior
             ... wielding a +0 trident
              (13 damage)
             ... on level 4 of the Dungeon.
             The game lasted 00:04:07 (2439 turns).

BigPumpCobain the Ruffian (Troll Fighter)           Turns: 2439, Time: 00:04:08

Health: -2/67      AC:  5    Str: 27    XL:     7   Next: 9%
Magic:  5/6        EV: 10    Int:  4    God:
Gold:   217        SH: 10    Dex: 21    Spells: 6/6 levels left

rFire   . .          .
                       - Unarmed
rCold   . . .        b - +0 kite shield
rNeg    . . .        a - +0 robe
rPois   .            (helmet restricted)
rElec   .            m - +0 cloak
rCorr   .            (gloves unavailable)
SInv    .            (boots unavailable)
Will    .....        (no amulet)
Stlth   ++           g - +6 ring of dexterity
HPRegen 1.11/turn    x - +6 ring of dexterity
MPRegen 0.10/turn

%: no passive effects
@: no status effects
A: large, unfitting armour, claws 3, regeneration 1, shaggy fur 1, tough skin 1
a: no special abilities


You were on level 4 of the Dungeon.
You visited 1 branch of the dungeon, and saw 4 of its levels.

You collected 217 gold pieces.

Inventory:

Armour
 a - a +0 robe (worn)
 b - a +0 kite shield (worn)
 m - a +0 cloak (worn)
Jewellery
 g - a +6 ring of dexterity (left claw)
 n - a ring of fire
 o - a ring of poison resistance
 x - a +6 ring of dexterity (right claw)
Scrolls
 e - 2 scrolls of enchant weapon
 i - a scroll of poison
 p - 2 scrolls of noise
 q - 3 scrolls of teleportation
Potions
 c - a potion of might
 d - 2 potions of brilliance {unknown}
 f - 2 potions of degeneration {unknown}
 h - a potion of mutation {unknown}
 j - a potion of berserk rage {unknown}
 l - 2 potions of curing {unknown}
 t - a potion of attraction {unknown}
 u - 2 potions of heal wounds {unknown}
 w - a potion of magic {unknown}


   Skills:
 + Level 3.4 Fighting
 + Level 1.7 Throwing
 + Level 3.1 Dodging
 + Level 3.8 Shields
 * Level 4.7 Unarmed Combat
 + Level 2.4 Shapeshifting


You had 6 spell levels left.
You didn't know any spells.
Your spell library contained the following spells:

 Spells                   Type           Power      Damage    Failure   Level
 Lesser Beckoning         Tloc           0%         N/A       86%         2
 Gell's Gravitas          Tloc           0%         N/A       98%         3
 Hailstorm                Conj/Ice       0%         3d5       98%         3
 Summon Ice Beast         Ice/Summ       0%         N/A       98%         3
 Teleport Other           Tloc           0%         N/A       98%         3
 Sculpt Simulacrum        Ice/Alch       0%         N/A       100%        6


Dungeon Overview and Level Annotations

Branches:
Dungeon (4/15)
 Temple: D:4-7

Altars:


Innate Abilities, Weirdness & Mutations

You are too large for most types of armour.
You have claws for hands.
Your natural rate of healing is unusually fast.
You are covered in fur. (AC +1)
You have tough skin. (AC +1)


Message History

You are too injured to fight recklessly!
You are too injured to fight recklessly!
You are too injured to fight recklessly!
You are too injured to fight recklessly!
You are too injured to fight recklessly!
You are too injured to fight recklessly!
You are too injured to fight recklessly!
You are too injured to fight recklessly!
You are too injured to fight recklessly!
You are too injured to fight recklessly!
You are too injured to fight recklessly!
You are too injured to fight recklessly!
You are too injured to fight recklessly!
You are too injured to fight recklessly!
You are too injured to fight recklessly!
You are too injured to fight recklessly!
You are too injured to fight recklessly!
You are too injured to fight recklessly!
You claw something!
Reactivating autopickup.
You feel a bit more experienced.
The orc warrior hits you from afar with a +0 trident!
* * * LOW HITPOINT WARNING * * *
You block the kobold's attack.
You scratch the kobold but do no damage.
You block the orc warrior's attack. You block the kobold's attack.
You mangle the kobold!!
You kill the kobold!
The orc warrior hits you from afar with a +0 trident!
* * * LOW HITPOINT WARNING * * *
The orc warrior hits you with a +0 trident.
* * * LOW HITPOINT WARNING * * *
Items here: ( ))) [[ †.
You closely miss the orc warrior.
The orc warrior hits you but does no damage.
You closely miss the orc warrior.
The orc warrior hits you but does no damage.
You barely miss the orc warrior.
The orc warrior hits you with a +0 trident!
You die...

#...# #...#
##...###
##......###
#......... #.......
# #....o# #..)@#
#....# #....#
#....### #......##
###.......... ##
#####.......#####
.######......†....#
......>...........#


You could see an orc warrior.

Vanquished Creatures
  Grinder (D:3)
  A scorpion (D:4)
  Terence (D:2)
  An orc wizard (D:4)
  Natasha (thrice) (D:2)
  Robin (D:2)
  4 gnolls (D:2)
  3 adders
  4 orcs
  8 ball pythons
  5 endoplasms
  9 giant cockroaches
  12 goblins
  11 hobgoblins
  3 jackals (D:2)
  9 kobolds
  4 quokkas
  5 bats
  5 frilled lizards (D:2)
  5 rats
95 creatures vanquished.

Notes
Turn   | Place    | Note
-------+----------+-------------------------------------------
     0 | D:1      | BigPumpCobain the Troll Fighter began the quest for the
                  | Orb.
     0 | D:1      | Reached XP level 1. HP: 22/22 MP: 0/0
   100 | D:1      | Reached XP level 2. HP: 27/29 MP: 1/1
  1034 | D:2      | Noticed Terence
  1035 | D:2      | Noticed Natasha
  1043 | D:2      | Killed Natasha
  1044 | D:2      | Reached skill level 1 in Shapeshifting
  1044 | D:2      | Reached XP level 3. HP: 36/36 MP: 2/2
  1055 | D:2      | Killed Terence
  1056 | D:2      | Reached skill level 3 in Unarmed Combat
  1056 | D:2      | Reached XP level 4. HP: 36/44 MP: 3/3
  1099 | D:2      | Identified the +1 rapier "Burupy" {freeze, Will- Str+4
                  | Dex+3 SInv}
  1162 | D:2      | Noticed Natasha
  1169 | D:2      | Killed Natasha
  1268 | D:2      | Reached XP level 5. HP: 49/53 MP: 4/4
  1347 | D:2      | Noticed Robin
  1370 | D:2      | Killed Robin
  1558 | D:2      | Noticed Natasha
  1567 | D:2      | Killed Natasha
  1767 | D:3      | Noticed Grinder
  1771 | D:3      | Reached skill level 4 in Unarmed Combat
  1783 | D:3      | Killed Grinder
  1784 | D:3      | Reached skill level 1 in Throwing
  1784 | D:3      | Reached XP level 6. HP: 48/61 MP: 5/5
  1815 | D:3      | Found a faded altar of an unknown god.
  2385 | D:4      | Reached XP level 7. HP: 67/67 MP: 6/6
  2439 | D:4      | Slain by an orc warrior

Illustrated notes

Levels and vault maps discovered:
D:1:      onia_arrival_pyramid, layout_basic, hangedman_decor_points,
          minmay_gold_behind_fungi, minivault_5
D:2:      layout_loops_cross, uniq_natasha, uniq_terence, uniq_robin
D:3:      minmay_angry_zag, layout_basic, shapermc_ecumenical_altar_petra,
          uniq_grinder
D:4:      layout_layer_cave, chequers_serial_rivers_large_b

Skill      XL: |  1  2  3  4  5  6 |
---------------+-------------------+-----
Shields        | 3 |  3.8
Shapeshifting  | 1 2 |  2.4
Unarmed Combat | 3 4 |  4.7
Fighting       | 3 |  3.4
Throwing       | 1 |  1.7
Dodging        | 3 |  3.1

Action                     |  1- 3 |  4- 6 |  7- 9 || total
---------------------------+-------+-------+-------++-------
  Melee: Unarmed           |    74 |   147 |    23 ||   244
    Use: Scroll            |       |     7 |       ||     7
   Stab: Sleeping          |     1 |     3 |       ||     4
 Armour: Robe              |    34 |    82 |    20 ||   136
  Dodge: Dodged            |    21 |    85 |     6 ||   112
  Block: Kite shield       |    32 |   109 |    13 ||   154

Table legend: (Time is in decaauts)
 A = Elapsed time spent in this place.
 B = Non-inter-level travel time spent in this place.
 C = Inter-level travel time spent in this place.
 D = Time resting spent in this place.
 E = Time spent auto-exploring this place.
 F = Levels seen in this place.
 G = Mean time per level.
                   A        B        C        D        E       F      G
               +--------+--------+--------+--------+--------+-----+--------+
         Total |   2464 |   2326 |    138 |     24 |   1781 |   4 |  616.0 |
       Dungeon |   2464 |   2326 |    138 |     24 |   1781 |   4 |  616.0 |
               +--------+--------+--------+--------+--------+-----+--------+

Top non-repeatable levels by time:
     D:1: 1026 daAuts
     D:2: 722 daAuts
     D:3: 654 daAuts
     D:4: 60 daAuts
